[Event "*** Titled Tuesday Blitz"]
[Site "Chess.com"]
[Date "2020.10.27"]
[Round "1"]
[White "PLAYER_2006_M"]
[Black "WonderChampion"]
[Result "1-0"]
[WhiteElo "2519"]
[BlackElo "2041"]
[TimeControl "180+1"]
[EndTime "10:07:38 PDT"]
[Termination "PLAYER_2006_M won by resignation"]

1. d4 d5 2. Nc3 e6 3. Bf4 c5 4. e3 Nc6 5. Nb5 Qa5+ 6. c3 e5 7. Bxe5 Nxe5 8. dxe5 Be6 9. Nd6+ Bxd6 10. exd6 Nf6 11.
Nf3 O-O 12. Bd3 Rfd8 13. O-O Rxd6 14. a3 Qb6 15. b4 cxb4 16. cxb4 Rad8 17. Nd4 Qc7 18. Rc1 Qe7 19. Re1 Ne4 20. Bxe4 dxe4 21. Qc2 Bd5 22. Qc7 R6d7 23. Qc3 Qg5 24. Red1 Rd6 25.
Nb5 Rc6 26. Qd2 Rg6 27. g3 Qh5 28. Qxd5 Qxd1+ 29. Rxd1 Rxd5 30. Rxd5 h6 31. Rd6 Rg5 32. Nd4 Kh7 33. h4 Rg6 34. Rxg6 fxg6 35. Kf1 g5 36. Ke2 gxh4 37. gxh4 Kg6 38. f3 Kh5 39. fxe4 Kxh4 40. e5 Kg5 41. Kf3 Kg6 42. e6 Kf6 43. e4 Ke7 44. e5 g5 45. Kg4 b6 46. Kf5 a5 47.
Nc6+ Ke8 48. Kf6 axb4 49. axb4 Kf8 50. Nd4 Kg8 51. Nf5 Kf8 52. e7+ Ke8 53. e6 1-0

[Event "*** Titled Tuesday Blitz"]
[Site "Chess.com"]
[Date "2020.10.27"]
[Round "1"]
[White "MikeSailer"]
[Black "juancruzarias"]
[Result "0-1"]
[WhiteElo "2141"]
[BlackElo "2540"]
[TimeControl "180+1"]
[EndTime "10:07:39 PDT"]
[Termination "juancruzarias won on time"]

1. d4 e6 2. Nf3 f5 3. Bg5 Be7 4. Bxe7 Qxe7 5. Nbd2 Nf6 6. e3 O-O 7. Be2 b6 8. O-O Bb7 9. a4 a5 10. c4 Na6 11. Rc1 d6 12. Re1 Ne4 13. Nxe4 fxe4 14.
Nd2 Rf7 15. Rf1 Raf8 16. f4 exf3 17. Bxf3 Bxf3 18. Rxf3 Nb4 19. Rxf7 Qxf7 20. Nf3 Qf5 21. c5 Qe4 22. Rc3 Nd5 23. Qd3 Nxc3 24. Qxc3 bxc5 25.
dxc5 Qxa4 26. cxd6 cxd6 27. h3 Qb4 28. Qc7 h6 29. Qe7 Qe4 30. Qxd6 Qxe3+ 31. Kh1 Qc1+ 32. Ng1 Qxb2 33. Qxe6+ Kh8 34. Qe7 Qb4 35. Qe6 a4 36. Nf3 Qb1+ 37. Kh2 Qf5 38. Qc6 a3 39. Qa6 Qf4+ 40.
Kh1 Qe3 41. Qd6 Ra8 42. Qd5 Qc1+ 43. Kh2 Rc8 44. Ne5 Qf4+ 45. Kg1 Rc1+ 0-1

[Event "*** Titled Tuesday Blitz"]
[Site "Chess.com"]
[Date "2020.10.27"]
[Round "1"]
[White "reniite"]
[Black "GrafLermontov"]
[Result "1-0"]
[WhiteElo "1931"]
[BlackElo "2490"]
[TimeControl "180+1"]
[EndTime "10:07:39 PDT"]
[Termination "reniite won on time"]

1. e4 c6 2. d4 d5 3. exd5 cxd5 4. c4 Nf6 5. Nc3 e6 6. Nf3 Nc6 7. Bd3 Be7 8. O-O O-O 9. a3 dxc4 10. Bxc4 b6 11.
Re1 Bb7 12. Qd3 Rc8 13. Bg5 h6 14. Bd2 Qc7 15. Ba2 Rfd8 16. Rad1 Qd7 17. d5 Nxd5 18. Nxd5 exd5 19. Bb1 g6 20. Bxh6 Bf6 21. b4 Ne7 22. Bg5 Bxg5 23. Nxg5 d4 24. Ba2 Qg4 25. Bxf7+ Kg7 26.
Qg3 Qxg3 27. hxg3 Nf5 28. Be6 Rb8 29. Bxf5 gxf5 30. Ne6+ Kf6 31. Nxd8 Rxd8 32. f3 d3 33. Re3 Ba6 34. Kf2 Bc4 35. Ke1 b5 36. Kd2 Rc8 37. Rh1 Rd8 38. Rh6+ Kg5 39. Rh7 Kg6 40. Rxa7 Rc8 41. Ra6+ Kg7 42. Rd6 Rc7 43. Re5 1-0

[Event "*** Titled Tuesday Blitz"]
[Site "Chess.com"]
[Date "2020.10.27"]
[Round "1"]
[White "Brave_spirit12"]
[Black "Andreikka"]
[Result "0-1"]
[WhiteElo "2473"]
[BlackElo "2916"]
[TimeControl "180+1"]
[EndTime "10:07:40 PDT"]
[Termination "Andreikka won by resignation"]

1. e4 c6 2. Nc3 d5 3. Nf3 Bg4 4. h3 Bxf3 5. Qxf3 e6 6. d4 dxe4 7. Nxe4 Qxd4 8. Bd3 Nd7 9. c3 Qb6 10. O-O Ngf6 11. Bg5 Be7 12. Rad1 O-O 13. Ng3 Ne5 14. Qe2 Nxd3 15. Rxd3 Rad8 16. Rfd1 Rxd3 17. Rxd3 Rd8 18. Ne4 Nxe4 19. Rxd8+ Qxd8 20. Bxe7 Nxc3 21. bxc3 Qxe7 22. Qd3 g6 23. Qd4 c5 24. Qe5 b6 25. g3 Qd8 26.
h4 h5 27. Qf4 Qd1+ 28. Kh2 Qc2 29. Qb8+ Kh7 30. Qf4 Qf5 31. Qd2 Qd5 32. Qf4 Kg7 33.
a4 a6 34. Qc7 b5 35. Qa5 Qd2 36. axb5 Qxf2+ 37. Kh3 Qf1+ 38. Kh2 axb5 39. Qc7 Qe2+ 40. Kh3 Qe3 41. Qa5 Qg1 42. Qa8 Qf1+ 43. Kh2 Qf2+ 44. Kh3 Qf5+ 45. Kh2 Qc2+ 46. Kh3 Qxc3 47. Qd8 b4 48.
Kh2 b3 49. g4 hxg4 50. h5 Qh3+ 51. Kg1 Qxh5 52. Kf2 Qd5 53. Qb6 Qd4+ 54. Kg3 b2 55. Kh4 g3+ 56. Kh3 g2 57. Qb7 Qd3+ 58. Kh2 g1=Q+ 59.
Kxg1 b1=Q+ 60. Kh2 Qe2+ 0-1

[Event "*** Titled Tuesday Blitz"]
[Site "Chess.com"]
[Date "2020.10.27"]
[Round "1"]
[White "renehp"]
[Black "Guenplen"]
[Result "1-0"]
[WhiteElo "2461"]
[BlackElo "2835"]
[TimeControl "180+1"]
[EndTime "10:07:40 PDT"]
[Termination "renehp won on time"]

1. e4 c5 2. Nf3 e6 3. g3 Nc6 4. Bg2 Nf6 5. Nc3 d6 6. O-O Be7 7. d4 cxd4 8. Nxd4 O-O 9. Nb3 a6 10. f4 Bd7 11. g4 Be8 12. g5 Nd7 13. h4 Rc8 14. h5 e5 15. Qg4 exf4 16. Bxf4 Nce5 17.
Qg3 Nb6 18. Rad1 Qc7 19. a4 Bc6 20. Nd4 g6 21. hxg6 hxg6 22. b3 Bd7 23. Nce2 Bg4 24. c4 Bh5 25. Rd2 Nbd7 26. Nc3 Rce8 27. Nd5 Qd8 28. Bh3 Nb6 29. Rh2 Nxd5 30. cxd5 Kg7 31.
Bg2 Qb6 32. Be3 Qc7 33. Rxh5 Rh8 34. Rxh8 Rxh8 35. Bf4 Qc5 36. Be3 Qc3 37. Bf2 Qd2 38. Nf3 Nd3 39. Bd4+ Kg8 40. Bxh8 Qe2 41. Bd4 1-0

[Event "*** Titled Tuesday Blitz"]
[Site "Chess.com"]
[Date "2020.10.27"]
[Round "1"]
[White "albi1999"]
[Black "totoro9"]
[Result "1-0"]
[WhiteElo "2614"]
[BlackElo "2276"]
[TimeControl "180+1"]
[EndTime "10:07:40 PDT"]
[Termination "albi1999 won on time"]

1. d4 Nf6 2. c4 g6 3. g3 c6 4. Bg2 d5 5. Nd2 Bg7 6. Ngf3 O-O 7. O-O a5 8. b3 Bf5 9. Nh4 Be6 10. Bb2 a4 11. Qc2 a3 12. Bc3 b5 13. c5 Qc8 14.
Rfe1 Bh3 15. Bh1 Nbd7 16. b4 Re8 17. f4 Nf8 18. Nhf3 Bf5 19. Qc1 Ne4 20. Nxe4 Bxe4 21.
Ne5 Bxh1 22. Kxh1 f6 23. Nd3 Qf5 24. Qe3 Nd7 25. Qf3 e5 26. fxe5 fxe5 27. Qxf5 gxf5 28. e3 exd4 29. exd4 Re4 30. Nf2 Ree8 31. Kg2 Nf6 32. Rab1 Ne4 33. Nxe4 fxe4 34. Rb3 e3 35. Kf3 Bh6 36.
Re2 Rf8+ 37. Kg2 Rf7 38. h4 Raf8 39. Be1 Rf1 40. Rxa3 Rxe1 41. Rxe1 Rf2+ 42. Kh3 Rd2 43. Ra6 e2 44. Rxc6 1-0

[Event "*** Titled Tuesday Blitz"]
[Site "Chess.com"]
[Date "2020.10.27"]
[Round "1"]
[White "ajedrezhoy"]
[Black "sara_khm"]
[Result "0-1"]
[WhiteElo "2228"]
[BlackElo "2584"]
[TimeControl "180+1"]
[EndTime "10:07:41 PDT"]
[Termination "sara_khm won on time"]

1. d4 Nf6 2. Nf3 e6 3. c4 b6 4. e3 Bb7 5. b3 c5 6. Bb2 cxd4 7. exd4 Be7 8. Nbd2 O-O 9. Bd3 d5 10. O-O Nc6 11. Rc1 Rc8 12. Qe2 Re8 13. Rfd1 Rc7 14.
Nf1 Qa8 15. Bb1 Rec8 16. Ne3 Na5 17. Ne5 Bd6 18. f4 Ba6 19. Bd3 Bb7 20. f5 dxc4 21. bxc4 Be4 22. fxe6 fxe6 23. N3g4 Bxd3 24. Nxf6+ gxf6 25. Nxd3 Re8 26. c5 Bf8 27. cxb6 Rxc1 28. Rxc1 axb6 29.
Rc7 Qd5 30. Qg4+ Qg5 31. Qxg5+ fxg5 32. Ne5 Rd8 33. Ng4 Bg7 34. Ne5 Bxe5 35. dxe5 Rd1+ 36.
Kf2 Rd2+ 37. Kf3 Rxb2 38. h3 Rxa2 39. g3 Ra4 40. Re7 Nb3 41. Ke3 Nc5 42. Rc7 Re4+ 43. Kf3 Rxe5 44. Rc6 Rf5+ 0-1

[Event "*** Titled Tuesday Blitz"]
[Site "Chess.com"]
[Date "2020.10.27"]
[Round "1"]
[White "elohunter1999"]
[Black "kamilianin235"]
[Result "0-1"]
[WhiteElo "2518"]
[BlackElo "2128"]
[TimeControl "180+1"]
[EndTime "10:07:41 PDT"]
[Termination "kamilianin235 won by checkmate"]

1. e4 c5 2. Nf3 d6 3. d4 cxd4 4. Nxd4 Nf6 5. Nc3 Nc6 6. Bg5 Qb6 7. Bxf6 gxf6 8. Nb3 e6 9. Qd2 Be7 10. O-O-O a6 11.
f4 Qc7 12. Be2 b5 13. a3 Bb7 14. Rhf1 O-O-O 15. Kb1 Na5 16. Nxa5 Qxa5 17. f5 b4 18. axb4 Qxb4 19. Bh5 Rhf8 20. Rf3 Kb8 21. Qe2 Ka8 22.
Rfd3 Rb8 23. Rd4 Qb6 24. Na4 Qa5 25. b3 Bc6 26. Ka2 e5 27. Rd5 Bxd5 28. Rxd5 Rb5 29. Qc4 Rxd5 30. exd5 Qb5 31. Qc7 Qb7 32. Qa5 Ka7 33. Be2 Bd8 34. Qd2 Bb6 35. Bf3 Rc8 36. Be4 Bd4 37. c4 Qc7 38. Bc2 Bc5 39. Qh6 Qa5 40.
Qxf6 Rc7 41. Qd8 Kb7 42. Qe8 Qd2 43. Kb1 Qe1+ 44. Ka2 Bd4 45. Qh8 Qa1# 0-1

[Event "*** Titled Tuesday Blitz"]
[Site "Chess.com"]
[Date "2020.10.27"]
[Round "1"]
[White "madmax011"]
[Black "KaterinaMiroshnik"]
[Result "0-1"]
[WhiteElo "1834"]
[BlackElo "2498"]
[TimeControl "180+1"]
[EndTime "10:07:41 PDT"]
[Termination "KaterinaMiroshnik won by resignation"]

1. d4 e6 2. c4 Nf6 3. Nf3 d5 4.
g3 Bb4+ 5. Bd2 Be7 6. Bg2 c6 7. O-O O-O 8. Qc2 Nbd7 9. b3 a5 10. Nc3 Nb6 11. c5 Nbd7 12. Rad1 Ne8 13. e4 dxe4 14.
Nxe4 Ndf6 15. Ne5 Qc7 16. Nc4 Nd7 17. Bf4 Qd8 18. Rfe1 Ra6 19. Ned6 Nxd6 20. Nxd6 Bxd6 21. Bxd6 Re8 22. Re4 Nf6 23. Rh4 g6 24. Qd2 h5 25. Qh6 e5 26. dxe5 Nh7 27. Qd2 Bf5 28. Rd4 Ng5 29. h4 Ne6 30. Rc4 Qc8 31. Kh2 Ra8 32.
Be4 Bxe4 33. Rxe4 Kh7 34. f4 Ng7 35. Qe2 Qf5 36. Re3 Qe6 37. Qf3 Nf5 38. Re2 a4 39. b4 a3 40. Rd3 Ra4 41. Rxa3 Nd4 42. Qe3 Rxa3 43. Qxd4 Ra6 44. Qe3 Rea8 45. Qf3 Rxa2 46. Kg2 Rxe2+ 47. Qxe2 Ra2 48. Kf2 Rxe2+ 49. Kxe2 Qc4+ 50.
Kf3 Qxb4 51. g4 Qb3+ 52. Ke4 Qd5+ 53. Ke3 hxg4 0-1

[Event "*** Titled Tuesday Blitz"]
[Site "Chess.com"]
[Date "2020.10.27"]
[Round "1"]
[White "fabianvivasz"]
[Black "TigrVShlyape"]
[Result "0-1"]
[WhiteElo "2454"]
[BlackElo "2874"]
[TimeControl "180+1"]
[EndTime "10:07:42 PDT"]
[Termination "TigrVShlyape won by resignation"]

1. e4 e5 2. Nf3 Nc6 3. Bc4 Nf6 4.
d3 h6 5. O-O d6 6. c3 g6 7. d4 Qe7 8. Re1 Bg7 9. dxe5 Nxe5 10.
Nxe5 Qxe5 11. Nd2 O-O 12. h3 Nd7 13. Nf3 Qe7 14. Bf4 Nb6 15. Bb3 Be6 16. Nd4 Bxb3 17. Qxb3 a6 18. Rad1 Rab8 19. Nf3 Nd7 20. Qc4 Rbc8 21.
Qd5 Qe6 22. Qxb7 Nc5 23. Qd5 Rb8 24. Qxe6 fxe6 25. Bc1 Na4 26. Re2 Rfd8 27. Nd4 Re8 28. Rc2 h5 29. f3 Kf7 30. b3 Nc5 31. Be3 Nd7 32. Nc6 Ra8 33. c4 Ne5 34. f4 Nxc6 35. c5 d5 36. exd5 exd5 37. Rcd2 Rxe3 38. Rxd5 Rae8 39.
Rd7+ R8e7 40. R7d5 Re1+ 41. Rxe1 Rxe1+ 42. Kf2 Re7 43. Rd3 Nd4 44. Kg3 Nf5+ 45. Kf3 h4 46. Kg4 Re3 47. Rd7+ Ke6 0-1

[Event "*** Titled Tuesday Blitz"]
[Site "Chess.com"]
[Date "2020.10.27"]
[Round "1"]
[White "mamey78"]
[Black "GMKrikor"]
[Result "0-1"]
[WhiteElo "2407"]
[BlackElo "2781"]
[TimeControl "180+1"]
[EndTime "10:07:42 PDT"]
[Termination "GMKrikor won by resignation"]

1. e4 c5 2. Nf3 d6 3. d4 cxd4 4. Nxd4 Nf6 5. Nc3 a6 6. Bg5 Nbd7 7. Qe2 Qc7 8. O-O-O e6 9. f4 b5 10. a3 Bb7 11. g4 Rc8 12. Bh4 h6 13. Be1 Nb6 14. h4 Nfd7 15. Bg2 Nc4 16. g5 hxg5 17. hxg5 Rxh1 18.
Bxh1 g6 19. f5 Nc5 20. Bg2 Be7 21. Qg4 e5 22. Nb3 Ne3 23. Qh3 Nxd1 24. Kxd1 Qd7 25. Qh8+ Bf8 26. Bh3 Qc7 27. fxg6 fxg6 28. Bxc8 Qxc8 29.
Qf6 Qe6 30. Nxc5 Qxf6 31. gxf6 dxc5 32. Bg3 Bd6 33. Nd5 Kf7 34. c4 bxc4 35. Kc2 Ke6 36. Kc3 Bxd5 37. exd5+ Kxd5 38. f7 Ke6 39. Kxc4 Be7 40.
Bf2 Kxf7 41. Bxc5 Bxc5 42. Kxc5 Ke6 43. Kc4 g5 44. Kd3 g4 45. Ke3 Kd5 46. b4 Kc4 0-1

[Event "*** Titled Tuesday Blitz"]
[Site "Chess.com"]
[Date "2020.10.27"]
[Round "1"]
[White "Sergienko_Sergey"]
[Black "GregShahade"]
[Result "1-0"]
[WhiteElo "2347"]
[BlackElo "2654"]
[TimeControl "180+1"]
[EndTime "10:07:43 PDT"]
[Termination "Sergienko_Sergey won by resignation"]

1. e4 e5 2. Nf3 Nc6 3. Bb5 a6 4.
Ba4 Nf6 5. Bxc6 dxc6 6. d3 Bd6 7. Nbd2 Be6 8. h3 Nd7 9. b3 O-O 10. Bb2 f6 11. O-O Qe7 12. Nc4 Bxc4 13. bxc4 Ba3 14. Rb1 Bxb2 15. Rxb2 b6 16. Rb3 Nc5 17. Rb1 Ne6 18. Qd2 a5 19. Kh2 Rad8 20. Qe3 Qa3 21. Nh4 Qxa2 22. Rbc1 Qa3 23. Nf5 Rf7 24. Qg3 Kf8 25. Qg4 Nd4 26. Nxd4 exd4 27. f4 Qc5 28. Rce1 Re8 29. h4 f5 30. Qf3 g6 31. e5 Re6 32.
h5 Qe7 33. g3 g5 34. fxg5 Qxg5 35. Kg2 Kg7 36. Rh1 h6 37. Rh4 Kf8 38. Rxd4 Ke7 39.
Rf4 Kd7 40. d4 Ke7 41. d5 cxd5 42. cxd5 Rg7 43. dxe6 a4 44. Rd1 c6 45. Rd7+ Ke8 46.
Rxg7 Qxg7 47. Qxc6+ Ke7 1-0

[Event "*** Titled Tuesday Blitz"]
[Site "Chess.com"]
[Date "2020.10.27"]
[Round "1"]
[White "Corre_por_tu_vida"]
[Black "Vandros57"]
[Result "0-1"]
[WhiteElo "2529"]
[BlackElo "2211"]
[TimeControl "180+1"]
[EndTime "10:07:43 PDT"]
[Termination "Vandros57 won on time"]

1. e4 c5 2. Nf3 e6 3. d4 cxd4 4. Nxd4 Bc5 5. Nb3 Bb6 6. Nc3 Ne7 7. Bd3 Nbc6 8. O-O d5 9. Kh1 O-O 10. f4 dxe4 11. Nxe4 Nf5 12. c3 a5 13. a4 h6 14.
Qf3 Qe7 15. Bd2 Rd8 16. Rae1 Bd7 17. Bc2 Be8 18. Qh3 Qh4 19. Qf3 Qe7 20. g4 Nd6 21.
g5 Nxe4 22. Qxe4 g6 23. gxh6 Nb4 24. h7+ Kxh7 25. cxb4 Bc6 26. f5 Bxe4+ 27. Rxe4 Rac8 28. Bc3 Rxc3 29. bxc3 Qd7 30. fxg6+ fxg6 31. Rf3 Kg7 32. Rg4 Qd5 33. Be4 Qd1+ 34. Kg2 Rd2+ 35. Nxd2 Qxd2+ 36. Kh3 Qh6+ 37. Rh4 Qg5 38. Rg3 Qd2 39. Rxg6+ Kf8 0-1

[Event "*** Titled Tuesday Blitz"]
[Site "Chess.com"]
[Date "2020.10.27"]
[Round "1"]
[White "wonderfultime"]
[Black "Skatchkov_V"]
[Result "1-0"]
[WhiteElo "2952"]
[BlackElo "2477"]
[TimeControl "180+1"]
[EndTime "10:07:45 PDT"]
[Termination "wonderfultime won by resignation"]

1. d4 Nf6 2. Nf3 e6 3. Bf4 d5 4. e3 Bd6 5. Nbd2 O-O 6. Bd3 c5 7. c3 Nc6 8. Bg3 b6 9. O-O Bb7 10.
Qe2 Qc7 11. e4 Bxg3 12. hxg3 cxd4 13. cxd4 dxe4 14. Nxe4 Qe7 15. Rfb1 Rfd8 16. Qe3 Nd5 17. Qd2 Nf6 18. Rd1 Rd7 19. Qf4 Rad8 20. Nc3 Qb4 21. Ne2 Qxb2 22. Qh4 h6 23. g4 Nb4 24. Rab1 Qa3 25.
Rb3 Qa4 26. g5 hxg5 27. Nxg5 Bd5 28. Nc3 Bxb3 29. Nxa4 Bxd1 30. Bh7+ Kf8 31. Nc3 Rxd4 32.
Qg3 Bh5 33. f3 Rc8 34. Qe5 Rd7 35. Nce4 Rc5 36. Nxc5 bxc5 37. Qxc5+ Ke8 38. Qxb4 Rd1+ 39. Kh2 Nd5 40. Qb8+ Ke7 41. Qb7+ Kf6 42. Ne4+ Ke5 43. Qb8+ Kd4 44. Ng3 1-0

[Event "*** Titled Tuesday Blitz"]
[Site "Chess.com"]
[Date "2020.10.27"]
[Round "1"]
[White "GMBenjaminBok"]
[Black "FLamps8"]
[Result "1-0"]
[WhiteElo "2940"]
[BlackElo "2474"]
[TimeControl "180+1"]
[EndTime "10:07:45 PDT"]
[Termination "GMBenjaminBok won by resignation"]

1. d4 d5 2. c4 e6 3. Nc3 c6 4. e3 Bd6 5. Bd3 f5 6. Qc2 Nf6 7. cxd5 cxd5 8. Nb5 Nc6 9. Nxd6+ Qxd6 10. Bd2 O-O 11.
Nf3 Ne4 12. O-O Bd7 13. Rfc1 Rac8 14. Qd1 Rf6 15. Bb5 Rh6 16. Be1 Rf8 17. Bxc6 Bxc6 18. Ne5 Nf6 19. f3 Nd7 20. Bg3 Nxe5 21. Bxe5 Qd7 22.
b4 a6 23. a4 Rc8 24. Rc3 Rg6 25. Qc2 Rf8 26. b5 axb5 27. axb5 Bxb5 28. Rc7 Qd8 29. Rxb7 Bc4 30. Raa7 Qg5 31. Rxg7+ Rxg7 32. Rxg7+ Qxg7 33. Bxg7 Kxg7 34. Qb2 Kg6 35. Qb6 Kf6 36. Qc7 Ra8 37. Qxh7 Ra1+ 38. Kf2 Ra2+ 39. Kg3 Bf1 40. Qh6+ Kf7 41. Kf4 Bxg2 42. h4 Rf2 43. Ke5 Bxf3 44. Qxe6+ Kg7 45. Qf6+ Kg8 46. Qxf5 Rf1 47. h5 Be2 48. Qg6+ Kh8 49. h6 Rf5+ 50. Qxf5 1-0

[Event "*** Titled Tuesday Blitz"]
[Site "Chess.com"]
[Date "2020.10.27"]
[Round "1"]
[White "dawtonlms"]
[Black "Onischuk_V"]
[Result "0-1"]
[WhiteElo "2406"]
[BlackElo "2778"]
[TimeControl "180+1"]
[EndTime "10:07:45 PDT"]
[Termination "Onischuk_V won by resignation"]

1. e4 d6 2. d4 g6 3. Nc3 Bg7 4. Nf3 Nf6 5. Be3 O-O 6. Qd2 Ng4 7. Bg5 h6 8. Bh4 Nc6 9. O-O-O a6 10. h3 Nf6 11. g4 b5 12. Re1 b4 13. Nd5 Bb7 14. g5 hxg5 15. Bxg5 e6 16. Nxf6+ Bxf6 17. h4 Bxg5 18.
hxg5 Kg7 19. Bc4 a5 20. Nh2 Rh8 21. Ng4 e5 22. dxe5 Nxe5 23. Nxe5 dxe5 24. Qe3 Qe7 25. Kb1 Rad8 26. Qf3 Bc8 27. Rd1 Rxd1+ 28. Rxd1 Rh5 29. Rg1 Be6 30. Bxe6 Qxe6 31. Qe3 Rh3 32. f3 Qb6 33. Qxb6 cxb6 34. Rf1 Rg3 35. Kc1 Rxg5 36. Kd2 Rg2+ 37. Kd3 Kf6 38. a3 Ke6 39. a4 f5 40. b3 f4 41. c3 bxc3 42. Kxc3 g5 43. Kc4 Rg3 44. Kb5 g4 45. Kxb6 Rxf3 46. Rg1 Rxb3+ 47. Kxa5 g3 0-1

[Event "*** Titled Tuesday Blitz"]
[Site "Chess.com"]
[Date "2020.10.27"]
[Round "1"]
[White "Sammed_Shete"]
[Black "MaxLeto"]
[Result "0-1"]
[WhiteElo "2645"]
[BlackElo "2330"]
[TimeControl "180+1"]
[EndTime "10:07:45 PDT"]
[Termination "MaxLeto won by resignation"]

1. e4 c5 2. Nf3 d6 3. d4 cxd4 4. Nxd4 Nf6 5. Nc3 a6 6. h3 e6 7.
g4 Nfd7 8. Bg2 Qc7 9. Be3 b5 10. Qe2 Bb7 11. O-O-O b4 12. Na4 Qa5 13. b3 Nc5 14. Nxc5 dxc5 15. Nf5 Qxa2 16. Qd3 Qa1+ 17. Kd2 Qc3+ 18. Qxc3 bxc3+ 19. Kxc3 exf5 20. exf5 Bxg2 21. Rhe1 Be7 22. Bxc5 Nc6 23. Rd3 Rc8 24. Kb2 Kf8 25. Bxe7+ Nxe7 26. f3 h5 27. Rd7 Nc6 28. g5 Bxh3 29. Rd5 g6 30. f6 Be6 31. Rc5 Kg8 32. Rd1 Kh7 33. Rd6 Nb4 34. Rxc8 Rxc8 35. c3 Nd5 36. c4 Nf4 37. Rxa6 Nh3 38. Ra5 h4 39.
Kc3 Nf4 40. Kd4 h3 41. Ke3 Nh5 42. Kf2 Rb8 43. c5 Rxb3 44. c6 Rb2+ 45. Ke3 Rc2 46. f4 h2 47. Ra1 Ng3 48. c7 h1=Q 49. Rxh1+ Nxh1 50. f5 gxf5 51. Kf4 Rxc7 52. Ke5 Kg6 53.
Kd6 Rc2 0-1

[Event "*** Titled Tuesday Blitz"]
[Site "Chess.com"]
[Date "2020.10.27"]
[Round "1"]
[White "canary2016"]
[Black "UCantHandleDenker"]
[Result "0-1"]
[WhiteElo "1962"]
[BlackElo "2510"]
[TimeControl "180+1"]
[EndTime "10:07:45 PDT"]
[Termination "UCantHandleDenker won by checkmate"]

1. d4 Nf6 2. c4 c5 3. d5 d6 4. Nc3 g6 5. Nf3 Bg7 6. Bf4 O-O 7.
h3 e6 8. e3 exd5 9. cxd5 a6 10. a4 Re8 11. Bc4 Bf5 12. O-O Ne4 13. Rc1 Nxc3 14.
bxc3 Qc7 15. Bb3 Nd7 16. Re1 c4 17. Bc2 Bxc2 18. Qxc2 Nc5 19. Red1 b5 20. axb5 axb5 21. Nd4 Nd3 22. Nxb5 Qc5 23. Rb1 Nxf4 24. exf4 Rab8 25.
Nd4 Qxd5 26. Nf3 Qc5 27. Ra1 Rb3 28. Nd4 Bxd4 29. Rxd4 Reb8 30. Rad1 Rb2 31. Qe4 R8b3 32. Qf3 Rc2 33. Rxd6 Rbxc3 34. Qa8+ Kg7 35. R6d2 Rxd2 36. Rxd2 Rc1+ 37. Kh2 Qf5 38. Qf3 c3 39. Rd5 Qf6 40. Rd3 h5 41. g3 h4 42. g4 c2 43. g5 Qf5 44. Rc3 Rd1 45. Kg2 c1=Q 46. Rxc1 Rxc1 47. Qe3 Qd5+ 48. f3 Rc2+ 49. Kf1 Qd1+ 50. Qe1 Qxf3+ 51.
Kg1 Qg2# 0-1

[Event "*** Titled Tuesday Blitz"]
[Site "Chess.com"]
[Date "2020.10.27"]
[Round "1"]
[White "AniJak"]
[Black "Aygehovit1992"]
[Result "0-1"]
[WhiteElo "2306"]
[BlackElo "2654"]
[TimeControl "180+1"]
[EndTime "10:07:46 PDT"]
[Termination "Aygehovit1992 won on time"]

1. e4 c5 2. Nc3 Nc6 3. g3 g6 4.
Bg2 Bg7 5. d3 Rb8 6. Be3 d6 7.
Qd2 b5 8. f4 b4 9. Nd1 e6 10. e5 Nge7 11. exd6 Qxd6 12. Qf2 Nd4 13. c3 bxc3 14. bxc3 Ndf5 15. Bxc5 Qa6 16. g4 Qxd3 17. Ne2 Nd6 18. Bxa7 Rb7 19. Bd4 f6 20. O-O O-O 21.
Bxb7 Bxb7 22. Qe3 Qc4 23. Ng3 Bd5 24. Qe2 Qc8 25. Ne3 Ba8 26. a4 Nc6 27. Bc5 Rd8 28.
Rfd1 Bf8 29. a5 e5 30. f5 Ne7 31.
Bb6 Rd7 32. c4 gxf5 33. gxf5 Bh6 34. c5 Nf7 35. Rxd7 Qxd7 36. Rd1 Qc6 37. Ng4 Bf4 38. Qe4 Qc8 39. Qd3 Qb7 40. Qe4 Qa6 41. Qd3 Qc8 42. Nxf6+ Kg7 43. Nd7 Ng5 44. f6+ Kh6 45. Nxe5 Qh3 46.
Qe2 Be3+ 0-1

[Event "*** Titled Tuesday Blitz"]
[Site "Chess.com"]
[Date "2020.10.27"]
[Round "1"]
[White "shineatchess"]
[Black "MatyChess1"]
[Result "0-1"]
[WhiteElo "2174"]
[BlackElo "2551"]
[TimeControl "180+1"]
[EndTime "10:07:46 PDT"]
[Termination "MatyChess1 won on time"]

1. e4 c5 2. Nf3 g6 3. d4 cxd4 4. Qxd4 Nf6 5. e5 Nc6 6. Qh4 Nd5 7. Bc4 Nb6 8. Bb3 Bg7 9. Bh6 Rg8 10. Bxg7 Rxg7 11. Qh6 Kf8 12. O-O d6 13. Rd1 Bg4 14.
Nbd2 dxe5 15. h3 Bxf3 16. Nxf3 Qc7 17. Ng5 Kg8 18. Nxf7 Rxf7 19. Bxf7+ Kxf7 20. Qxh7+ Kf6 21. Rd3 e4 22. Rg3 Ne5 23. Re1 Qxc2 24. Qh4+ Kf7 25. Qf4+ Ke6 26. Rxe4 Nd7 27. Rxg6+ Kd5 28. Rd4+ Kc5 29.
b4+ Kb5 30. Rg5 Ka4 31. Rxe5 Nxe5 32. Qxe5 Qc1+ 33. Kh2 b6 34. b5+ Ka3 35. Qg3+ Kxa2 36. Ra4+ Kb1 37. Rb4+ Qb2 38. Rxb2+ Kxb2 39. Qd3 Rc8 0-1

[Event "*** Titled Tuesday Blitz"]
[Site "Chess.com"]
[Date "2020.10.27"]
[Round "1"]
[White "Sanyura"]
[Black "FairChess_on_YouTube"]
[Result "0-1"]
[WhiteElo "2485"]
[BlackElo "2980"]
[TimeControl "180+1"]
[EndTime "10:07:48 PDT"]
[Termination "FairChess_on_YouTube won on time"]

1. e4 c5 2. Nf3 e6 3. d4 cxd4 4. Nxd4 Nc6 5. Nc3 a6 6. Be2 Qc7 7. Be3 Nf6 8. a3 Bd6 9. Qd2 Nxd4 10. Bxd4 Bf4 11. Be3 Be5 12. Bd4 d6 13. O-O-O O-O 14.
g4 b5 15. g5 Ne8 16. h4 Bb7 17. h5 Rc8 18. f4 Bxd4 19. Qxd4 Qc5 20. Rd2 Qxd4 21. Rxd4 Rc5 22. Rg1 e5 23. fxe5 Rxe5 24. Bd3 f6 25. g6 Rxh5 26. gxh7+ Kh8 27. Ne2 g5 28. Ng3 Rxh7 29. Nf5 Bc8 30. Nxd6 Rd7 31.
Nf5 Rxd4 32. Nxd4 Nd6 33. Kd2 Nf7 34. Nf3 Re8 35. Rh1+ Kg8 36. b3 Bb7 37. Re1 Kg7 38. Nd4 Nd6 39. a4 bxa4 40. bxa4 Nxe4+ 41. Bxe4 Rxe4 42. Nf5+ Kg6 43. Ne7+ Kf7 44. Nf5 Rxe1 45. Kxe1 Ke6 46.
Nd4+ Ke5 47. Nb3 f5 48. Nc5 Bc8 49. Ke2 f4 50. Kf3 g4+ 51. Kf2 g3+ 52. Kf1 f3 53.
Nd3+ Ke4 54. Ne1 Bh3+ 0-1

[Event "*** Titled Tuesday Blitz"]
[Site "Chess.com"]
[Date "2020.10.27"]
[Round "1"]
[White "nochewycandy"]
[Black "mr65"]
[Result "1-0"]
[WhiteElo "2558"]
[BlackElo "2185"]
[TimeControl "180+1"]
[EndTime "10:07:48 PDT"]
[Termination "nochewycandy won on time"]

1. c4 Nf6 2. g3 g6 3. Bg2 Bg7 4. Nc3 O-O 5. d3 Nc6 6. Bg5 h6 7. Bd2 d6 8. Rb1 a5 9. a3 e5 10. b4 axb4 11. axb4 Ra7 12. Qc1 Kh7 13. b5 Nd4 14. e3 Ne6 15. Nge2 b6 16. O-O Bb7 17. Nd5 Nxd5 18. cxd5 Nc5 19. d4 Nd7 20. Qc4 exd4 21. exd4 Re8 22. Nc3 Nf6 23. Ra1 Rxa1 24. Rxa1 Ng4 25.
Ra7 Qb8 26. Ra1 Qd8 27. h3 Nf6 28. Ra7 Qb8 29. Ra1 Qd8 30. Kh2 h5 31. Kg1 Ng8 32.
Na2 Ne7 33. Nb4 Nf5 34. Bc3 Qb8 35. Bb2 Qc8 36. Rc1 h4 37. g4 Ne7 38. Qxc7 Qxc7 39. Rxc7 Ba8 40. Nc6 Ng8 41. Bc3 Nf6 42. Rxf7 Ng8 43.
Ra7 Nf6 44. Bb4 Ng8 45. Bxd6 Nf6 46. Be5 Nxd5 47. Rxg7+ Kh6 48. Bxd5 Bxc6 49. Bxc6 g5 50. Rg6+ 1-0

[Event "*** Titled Tuesday Blitz"]
[Site "Chess.com"]
[Date "2020.10.27"]
[Round "1"]
[White "ChessAurochs"]
[Black "Zmof"]
[Result "0-1"]
[WhiteElo "2530"]
[BlackElo "2188"]
[TimeControl "180+1"]
[EndTime "10:07:48 PDT"]
[Termination "Zmof won by checkmate"]

1. e4 c5 2. Nf3 Nc6 3. Bb5 g6 4. O-O Bg7 5. Nc3 e5 6. a3 Nge7 7. b4 b6 8. bxc5 bxc5 9. d3 O-O 10. Bc4 h6 11. Nd5 d6 12. Bd2 Be6 13. Nxe7+ Qxe7 14. Bd5 Bxd5 15. exd5 Nd4 16. c3 Nxf3+ 17. Qxf3 Rab8 18. Rab1 f5 19. Qg3 Kh7 20. c4 Rb6 21. Rxb6 axb6 22.
Rb1 Qc7 23. Qf3 Ra8 24. Rb3 Ra6 25. Qd1 Qa7 26. Qc1 Qa8 27. Qb2 e4 28. Bc3 Bxc3 29.
Qxc3 exd3 30. Qxd3 Qe8 31. g3 Qe1+ 32. Kg2 Qe4+ 33.
Qxe4 fxe4 34. Re3 Kg7 35. Kh3 Kf7 36. Kg4 Ra4 37. Rc3 Kf6 38. Kf4 g5+ 39. Kxe4 b5 40. Rf3+ Kg6 41. Rc3 bxc4 42. f4 g4 43. Ke3 Kf5 44.
Kd2 Ke4 45. Re3+ Kd4 46. f5 Ra7 47. Re6 Rxa3 48. Rxd6 c3+ 49. Kc2 Ra2+ 50. Kb3 Rb2+ 51. Ka3 Rb1 52. Ra6 c2 53. Ra4+ Kxd5 54. f6 c1=Q+ 55.
Ka2 Ra1+ 56. Kb3 Qd1+ 57. Kb2 Rxa4 58. f7 Rb4+ 59. Ka2 Qa4# 0-1